TOP OF THE 1ST |
Joplin Blasters batting - Pitching for Houston Colt .45's : LHP Jorge Ortiz
|
Pitching: LHP Jorge Ortiz
|
|
Batting: RHB John Normand
|
0-0: Called Strike 0-1: Swinging Strike 0-2: Ball 1-2: Foul Ball, location: 2F 1-2: Strikes out swinging
|
Batting: RHB Tanner Holland
|
0-0: Called Strike 0-1: Foul Ball, location: 2F 0-2: Ball 1-2: Ball 2-2: Strikes out swinging
|
Batting: SHB Gary Woodroffe
|
0-0: Called Strike 0-1: Foul Ball, location: 2F 0-2: Foul Ball, location: 2F 0-2: Ball 1-2: Ball 2-2: Ball 3-2: Strikes out swinging
|
Top of the 1st over - 0 runs, 0 hits, 0 errors, 0 left on base; Joplin 0 - Houston 0 |
BOTTOM OF THE 1ST |
Houston Colt .45's batting - Pitching for Joplin Blasters : RHP Chris Elliott
|
Pitching: RHP Chris Elliott
|
|
Batting: RHB Bill Borden
|
0-0: Ball 1-0: Ball 2-0: Swinging Strike 2-1: Swinging Strike 2-2: Ball 3-2: Base on Balls
|
Batting: LHB Bert Middleton
|
0-0: Ball 1-0: Foul Ball, location: 2F 1-1: SINGLE (Line Drive, 8LS, EV 90.6 MPH) Bill Borden to second
|
Batting: RHB Josh Reisner
|
0-0: Swinging Strike 0-1: Foul Ball, location: 2F 0-2: Foul Ball, location: 2F 0-2: Strikes out swinging
|
Batting: LHB Vecdi Hodensack
|
0-0: Called Strike 0-1: Called Strike 0-2: Strikes out swinging
|
Batting: RHB Jamie Walker
|
0-0: SINGLE (Groundball, 56D, EV 111.2 MPH) Bill Borden to third Bert Middleton to second Runner from 3rd tries for Home, SAFE, throw by LF to home
|
Batting: RHB Tim Williams
|
0-0: Fly out, F8 (Line Drive, 8RS, EV 90.6 MPH)
|
Bottom of the 1st over - 1 run, 2 hits, 0 errors, 2 left on base; Joplin 0 - Houston 1 |
TOP OF THE 2ND |
Joplin Blasters batting - Pitching for Houston Colt .45's : LHP Jorge Ortiz
|
Batting: RHB Mike Stokes
|
0-0: Swinging Strike 0-1: Ball 1-1: Foul Ball, location: 2F 1-2: Strikes out swinging
|
Batting: RHB Esteban Acuna
|
0-0: Ball 1-0: Called Strike 1-1: Ball 2-1: Ground out 5-3 (Groundball, 56, EV 101.2 MPH)
|
Batting: LHB Willie Marquez
|
0-0: Ball 1-0: Foul Ball, location: 2F 1-1: Ground out U3 (Groundball, 3, EV 84.4 MPH)
|
Top of the 2nd over - 0 runs, 0 hits, 0 errors, 0 left on base; Joplin 0 - Houston 1 |
BOTTOM OF THE 2ND |
Houston Colt .45's batting - Pitching for Joplin Blasters : RHP Chris Elliott
|
Batting: RHB Fernando Acosta
|
0-0: Foul Ball, location: 2F 0-1: Called Strike 0-2: Foul Ball, location: 2F 0-2: Ball 1-2: Fly out, F9 (Flyball, 9D, EV 103.8 MPH)
|
Batting: LHB Casper Significant
|
0-0: Ground out 1-3 (Groundball, 34S, EV 65.6 MPH)
|
Batting: RHB To-wai Chen
|
0-0: Ball 1-0: SINGLE (Groundball, 6MD, EV 100.6 MPH)
|
Batting: RHB Bill Borden
|
0-0: Ball 1-0: Ball 2-0: Swinging Strike 2-1: Foul Ball, location: 2F 2-2: Fly out, F5 (Line Drive, 5, EV 66.2 MPH)
|
Bottom of the 2nd over - 0 runs, 1 hit, 0 errors, 1 left on base; Joplin 0 - Houston 1 |
TOP OF THE 3RD |
Joplin Blasters batting - Pitching for Houston Colt .45's : LHP Jorge Ortiz
|
Batting: RHB Bobby Leon
|
0-0: Called Strike 0-1: Swinging Strike 0-2: Foul Ball, location: 2F 0-2: Strikes out swinging
|
Batting: RHB Jimmy Black
|
0-0: Foul Ball, location: 2F 0-1: Ball 1-1: Foul Ball, location: 2F 1-2: Foul Ball, location: 2F 1-2: Strikes out looking
|
Batting: RHB Danny Jefferies
|
0-0: SINGLE (Line Drive, 6D, EV 105.0 MPH)
|
Batting: RHB John Normand
|
0-0: Called Strike 0-1: Ground out 6-3 (Groundball, 56D, EV 110.0 MPH)
|
Top of the 3rd over - 0 runs, 1 hit, 0 errors, 1 left on base; Joplin 0 - Houston 1 |
BOTTOM OF THE 3RD |
Houston Colt .45's batting - Pitching for Joplin Blasters : RHP Chris Elliott
|
Batting: LHB Bert Middleton
|
0-0: SOLO HOME RUN (Flyball, 89XD, EV 106.2 MPH), Distance : 398 ft
|
Batting: RHB Josh Reisner
|
0-0: Called Strike 0-1: Ball 1-1: Ball 2-1: Fly out, F7 (Flyball, 7S, EV 82.5 MPH)
|
Batting: LHB Vecdi Hodensack
|
0-0: Ball 1-0: Swinging Strike 1-1: Ball 2-1: Fly out, F9 (Flyball, 9, EV 98.1 MPH)
|
Batting: RHB Jamie Walker
|
0-0: Foul Ball, location: 2F 0-1: Ground out 5-3 (Groundball, 56S, EV 88.1 MPH)
|
Bottom of the 3rd over - 1 run, 1 hit, 0 errors, 0 left on base; Joplin 0 - Houston 2 |
TOP OF THE 4TH |
Joplin Blasters batting - Pitching for Houston Colt .45's : LHP Jorge Ortiz
|
Batting: RHB Tanner Holland
|
0-0: Ball 1-0: Swinging Strike 1-1: Ball 2-1: SINGLE (Line Drive, 78S, EV 88.1 MPH)
|
Batting: SHB Gary Woodroffe
|
0-0: Grounds into double play, 1-6-3 (Groundball, 13, EV 66.9 MPH)
|
Batting: RHB Mike Stokes
|
0-0: DOUBLE (Flyball, 8RXD, EV 99.4 MPH)
|
Batting: RHB Esteban Acuna
|
0-0: Ball 1-0: Ground out 6-3 (Groundball, 6, EV 102.5 MPH)
|
Top of the 4th over - 0 runs, 2 hits, 0 errors, 1 left on base; Joplin 0 - Houston 2 |
BOTTOM OF THE 4TH |
Houston Colt .45's batting - Pitching for Joplin Blasters : RHP Chris Elliott
|
Batting: RHB Tim Williams
|
0-0: Ball 1-0: Foul Ball, location: 2F 1-1: Ground out 4-3 (Groundball, 4MS, EV 82.5 MPH)
|
Batting: RHB Fernando Acosta
|
0-0: Ball 1-0: Called Strike 1-1: Ball 2-1: Fly out, F8 (Flyball, 8RM, EV 76.2 MPH)
|
Batting: LHB Casper Significant
|
0-0: SINGLE (Groundball, 34D, EV 107.5 MPH)
|
Batting: RHB To-wai Chen
|
0-0: Ball Casper Significant is caught stealing 2nd base 2-4
|
Bottom of the 4th over - 0 runs, 1 hit, 0 errors, 0 left on base; Joplin 0 - Houston 2 |
TOP OF THE 5TH |
Joplin Blasters batting - Pitching for Houston Colt .45's : LHP Jorge Ortiz
|
Batting: LHB Willie Marquez
|
0-0: Fly out, F7 (Flyball, 78S, EV 91.2 MPH)
|
Batting: RHB Bobby Leon
|
0-0: Foul Ball, location: 2F 0-1: Fly out, F4 (Popup, 4D, EV 62.5 MPH)
|
Batting: RHB Jimmy Black
|
0-0: Fly out, F9 (Flyball, 9, EV 97.5 MPH)
|
Top of the 5th over - 0 runs, 0 hits, 0 errors, 0 left on base; Joplin 0 - Houston 2 |
BOTTOM OF THE 5TH |
Houston Colt .45's batting - Pitching for Joplin Blasters : RHP Chris Elliott
|
Batting: RHB To-wai Chen
|
0-0: Ball 1-0: Ground out 6-3 (Groundball, 56, EV 81.2 MPH)
|
Batting: RHB Bill Borden
|
0-0: Ball 1-0: Ball 2-0: Swinging Strike 2-1: Foul Ball, location: 2F 2-2: Foul Ball, location: 2F 2-2: Strikes out swinging
|
Batting: LHB Bert Middleton
|
0-0: Ball 1-0: Ball 2-0: Ball 3-0: Base on Balls
|
Batting: RHB Josh Reisner
|
0-0: Ball 1-0: Ball 2-0: Foul Ball, location: 2F 2-1: Fly out, F9 (Line Drive, 9, EV 84.4 MPH)
|
Bottom of the 5th over - 0 runs, 0 hits, 0 errors, 1 left on base; Joplin 0 - Houston 2 |
TOP OF THE 6TH |
Joplin Blasters batting - Pitching for Houston Colt .45's : LHP Jorge Ortiz
|
Batting: RHB Danny Jefferies
|
0-0: Foul Ball, location: 2F 0-1: Swinging Strike 0-2: Strikes out swinging
|
Batting: RHB John Normand
|
0-0: Called Strike 0-1: Ball 1-1: Ground out 5-3 (Groundball, 56S, EV 83.8 MPH)
|
Batting: RHB Tanner Holland
|
0-0: Called Strike 0-1: Ball 1-1: Foul Ball, location: 2F 1-2: Hit by Pitch
|
Batting: SHB Gary Woodroffe
|
0-0: Ball 1-0: Ball 2-0: Reached on error, E9 (Line Drive, 9D, EV 95.0 MPH) Tanner Holland to third
|
Pitching: LHP Frank Vazquez
|
|
Batting: RHB Mike Stokes
|
0-0: Ball 1-0: Ball 2-0: Foul Ball, location: 2F 2-1: Ball 3-1: Base on Balls
|
Pinch Hitting: RHB Dustin Peterson
|
0-0: Called Strike 0-1: Ball 1-1: Swinging Strike 1-2: Ball 2-2: Ball 3-2: Foul Ball, location: 2F 3-2: Strikes out looking
|
Top of the 6th over - 0 runs, 0 hits, 1 error, 3 left on base; Joplin 0 - Houston 2 |
BOTTOM OF THE 6TH |
Houston Colt .45's batting - Pitching for Joplin Blasters : RHP Chris Elliott
|
Now in CF: Nate Brewer
|
|
Batting: LHB Vecdi Hodensack
|
0-0: Ball 1-0: Foul Ball, location: 2F 1-1: Foul Ball, location: 2F 1-2: Ball 2-2: Foul Ball, location: 2F 2-2: Ball 3-2: Strikes out swinging
|
Batting: RHB Jamie Walker
|
0-0: Foul Ball, location: 2F 0-1: Ball 1-1: Swinging Strike 1-2: Ball 2-2: Strikes out swinging
|
Batting: RHB Tim Williams
|
0-0: Called Strike 0-1: Foul Ball, location: 2F 0-2: Ball 1-2: Ball 2-2: Foul Ball, location: 2F 2-2: Strikes out looking
|
Bottom of the 6th over - 0 runs, 0 hits, 0 errors, 0 left on base; Joplin 0 - Houston 2 |
TOP OF THE 7TH |
Joplin Blasters batting - Pitching for Houston Colt .45's : LHP Frank Vazquez
|
Batting: RHB Steve Huebner
|
0-0: Fly out, F8 (Flyball, 8LS, EV 89.4 MPH)
|
Batting: RHB Bobby Leon
|
0-0: Swinging Strike 0-1: Ground out 5-3 (Groundball, 56, EV 76.2 MPH)
|
Batting: RHB Jimmy Black
|
0-0: Swinging Strike 0-1: Ball 1-1: Swinging Strike 1-2: Foul Ball, location: 2F 1-2: Strikes out swinging
|
Top of the 7th over - 0 runs, 0 hits, 0 errors, 0 left on base; Joplin 0 - Houston 2 |
BOTTOM OF THE 7TH |
Houston Colt .45's batting - Pitching for Joplin Blasters : RHP Chris Elliott
|
Pitching: RHP Brian Owens
|
|
Batting: RHB Fernando Acosta
|
0-0: Ball 1-0: Called Strike 1-1: Fly out, F8 (Flyball, 8RM, EV 96.9 MPH)
|
Batting: LHB Casper Significant
|
0-0: Ball 1-0: Ball 2-0: SINGLE (Groundball, 34S, EV 62.5 MPH) (infield hit)
|
Batting: RHB To-wai Chen
|
0-0: Swinging Strike 0-1: Swinging Strike 0-2: Ball 1-2: Strikes out swinging
|
Batting: RHB Bill Borden
|
0-0: Ball 1-0: Ball 2-0: Called Strike 2-1: Foul Ball, location: 2F 2-2: Strikes out looking
|
Bottom of the 7th over - 0 runs, 1 hit, 0 errors, 1 left on base; Joplin 0 - Houston 2 |
TOP OF THE 8TH |
Joplin Blasters batting - Pitching for Houston Colt .45's : LHP Frank Vazquez
|
Batting: RHB Danny Jefferies
|
0-0: Ball 1-0: Foul Ball, location: 2F 1-1: Swinging Strike 1-2: Ball 2-2: Foul Ball, location: 2F 2-2: Strikes out swinging
|
Batting: RHB John Normand
|
0-0: Called Strike 0-1: Called Strike 0-2: Ball 1-2: Strikes out swinging
|
Pitching: LHP Shane Robinson
|
|
Batting: RHB Tanner Holland
|
0-0: Ball 1-0: Ball 2-0: SOLO HOME RUN (Flyball, 7D, EV 93.8 MPH), Distance : 366 ft
|
Batting: SHB Gary Woodroffe
|
0-0: Called Strike 0-1: Called Strike 0-2: Foul Ball, location: 2F 0-2: Ball 1-2: Strikes out swinging
|
Top of the 8th over - 1 run, 1 hit, 0 errors, 0 left on base; Joplin 1 - Houston 2 |
BOTTOM OF THE 8TH |
Houston Colt .45's batting - Pitching for Joplin Blasters : RHP Brian Owens
|
Batting: LHB Bert Middleton
|
0-0: Ball 1-0: Swinging Strike 1-1: Ball 2-1: Foul Ball, location: 2F 2-2: Ball 3-2: Base on Balls
|
Batting: RHB Josh Reisner
|
0-0: Called Strike 0-1: Swinging Strike 0-2: Ball 1-2: Foul Ball, location: 2F 1-2: Ball 2-2: Ball 3-2: Fly out, F7 (Flyball, 78M, EV 91.2 MPH)
|
Batting: LHB Vecdi Hodensack
|
0-0: Ball Bert Middleton steals 2nd base 1-0: Intentional Walk
|
Batting: LHB Bob Neale
|
0-0: Ball 1-0: Ball 2-0: Fly out, F7 (Line Drive, 78M, EV 95.6 MPH)
|
Batting: RHB Tim Williams
|
0-0: Fly out, F3 (Popup, 3S, EV 80.0 MPH)
|
Bottom of the 8th over - 0 runs, 0 hits, 0 errors, 2 left on base; Joplin 1 - Houston 2 |
TOP OF THE 9TH |
Joplin Blasters batting - Pitching for Houston Colt .45's : LHP Shane Robinson
|
Batting: RHB Mike Stokes
|
0-0: Ball 1-0: SINGLE (Line Drive, 4D, EV 96.2 MPH)
|
Pinch Hitting: RHB Colin Padgett
|
0-0: Called Strike 0-1: Foul Ball, location: 2F 0-2: Foul Ball, location: 2F 0-2: Ball 1-2: Ball 2-2: Strikes out looking
|
Batting: RHB Steve Huebner
|
0-0: Called Strike 0-1: Ball 1-1: Foul Ball, location: 2F 1-2: Strikes out swinging
|
Pinch Hitting: RHB Kevin Lea
|
0-0: Ball 1-0: Ball 2-0: Ball 3-0: Base on Balls Mike Stokes to second
|
Pinch Hitting: RHB Matt Weddle
|
0-0: Ball 1-0: Swinging Strike 1-1: Foul Ball, location: 2F 1-2: Ball 2-2: Strikes out swinging
|
Top of the 9th over - 0 runs, 1 hit, 0 errors, 2 left on base; Joplin 1 - Houston 2 |
|